[Event "Titled Tuesday Blitz October 25 Late 2022"]
[White "Makarian, Rudik"]
[Black "Sarana, Alexey"]
[WhiteFideId "44105681"]
[BlackFideId "24133795"]
[WhiteElo "2405"]
[BlackElo "2689"]
[Result "0-1"]
[Round "06"]
[TimeControl "180+1"]
[Date "2022.10.26"]
[WhiteClock "0:00:03"]
[BlackClock "0:00:09"]

1. Nf3 d5 2. c4 e6 3. g3 Nf6 4. Bg2 Be7 5. O-O d4 6. d3 O-O 7. e4 dxe3 8. fxe3 c5 9. Nc3 Nc6 10. b3 Qc7 11. Qe2 b6 12. Bb2 Bb7 13. Ng5 Rad8 14. Rad1 h6 15. Nge4 Nxe4 16. Nxe4 f5 17. Nc3 Bf6 18. Nb5 Qe7 19. Bxf6 Rxf6 20. Rd2 Kh8 21. Rfd1 e5 22. Nc3 Nb4 23. a3 Na6 24. Bxb7 Qxb7 25. Nd5 Rf7 26. Rf1 Rdf8 27. Qh5 Kh7 28. Rdf2 g6 29. Qe2 Nc7 30. e4 Nxd5 31. cxd5 Qe7 32. exf5 Rxf5 33. Qe4 Rxf2 34. Rxf2 Rxf2 35. Kxf2 Kg7 36. h4 h5 37. a4 Kf7 38. Qf3+ Qf6 39. Ke3 Qxf3+ 40. Kxf3 Ke7 41. g4 Kd6 42. gxh5 gxh5 43. Ke4 a6 44. Kf5 Kxd5 45. Kg5 Kd4 46. Kxh5 Kxd3 47. Kg5 e4 48. h5 e3 49. h6 e2 50. h7 e1=Q 51. h8=Q Qe3+ 52. Kf5 Qe4+ 53. Kg5 Kc2 54. Qf6 Qe3+ 55. Kg6 Qd3+ 56. Kh6 Qxb3 57. a5 Qe3+ 58. Kg7 bxa5 59. Qxa6 Qd4+ 60. Kg6 a4 61. Kf5 Qd3+ 0-1


[Site "https://www.chess.com"]

[Event "Titled Tuesday Blitz October 25 Late 2022"]
[White "Mazurkiewicz, Michal"]
[Black "Sabar, Ethmane Daouda"]
[WhiteFideId "1124943"]
[BlackFideId "19600097"]
[WhiteElo "2063"]
[BlackElo "1950"]
[Result "0-1"]
[Round "06"]
[TimeControl "180+1"]
[Date "2022.10.26"]
[WhiteClock "0:00:03"]
[BlackClock "0:00:08"]

1. e4 c5 2. Nf3 Nc6 3. g3 e6 4. d3 d6 5. Bg2 Be7 6. O-O Nf6 7. c3 O-O 8. Re1 e5 9. a4 b6 10. Na3 a6 11. Nc4 Qc7 12. h3 h6 13. Nh4 Be6 14. Ne3 Rfd8 15. Nd5 Bxd5 16. exd5 Nb8 17. Nf5 Bf8 18. Qf3 Nbd7 19. g4 Nh7 20. h4 f6 21. c4 b5 22. Qe4 bxa4 23. Rxa4 Rdb8 24. Bf3 a5 25. Bd1 Nb6 26. Ra1 a4 27. Bc2 g6 28. Nxh6+ Bxh6 29. Bxh6 Nf8 30. Bxf8 Rxf8 31. Qxg6+ Qg7 32. Qf5 Ra7 33. Kh2 Qh6 34. Kg3 Rg7 35. Bxa4 Nc8 36. Bd7 Ne7 37. Qf3 Kh8 38. Bf5 Rfg8 39. Be6 Rf8 40. Ra7 f5 41. Rxe7 Rxg4+ 42. Qxg4 fxg4 43. Re4 Qf6 44. Rf7 Rxf7 45. Bxf7 Qf3+ 46. Kh2 Qxf7 47. Rxg4 Qxf2+ 48. Kh3 Qf3+ 49. Rg3 Qf1+ 50. Kg4 Qd1+ 51. Kf5 Qb3 52. Kf6 Qxb2 53. Ke6 Qf2 54. Rg6 Qxh4 55. Rf6 Kg7 56. Rf7+ Kg8 57. Rf6 e4 58. dxe4 Qxe4+ 59. Kxd6 Qxc4 60. Re6 Kf7 61. Re7+ Kf8 62. Re5 Qd4 63. Ke6 c4 64. Rf5+ Kg8 65. d6 c3 66. Re5 c2 67. d7 c1=Q 68. Rg5+ Kh7 69. Rh5+ Kg6 70. Rd5 Qxd5+ 71. Kxd5 Qd2+ 72. Kc6 Qc3+ 73. Kb7 Qd4 74. Kc8 Qc5+ 75. Kb8 Qd6+ 76. Kc8 Qc6+ 77. Kd8 Kf6 78. Ke8 Ke6 79. Kf8 Qxd7 0-1


[Site "https://www.chess.com"]

[Event "Titled Tuesday Blitz October 25 Late 2022"]
[White "Melikhov, Evgeny V."]
[Black "Curtis, John"]
[WhiteFideId "4122046"]
[BlackFideId "3200256"]
[WhiteElo "2169"]
[BlackElo "2203"]
[Result "1-0"]
[Round "06"]
[TimeControl "180+1"]
[Date "2022.10.26"]
[WhiteClock "0:00:46"]
[BlackClock "0:00:02"]

1. d4 Nf6 2. c4 g6 3. Nc3 d5 4. cxd5 Nxd5 5. e4 Nxc3 6. bxc3 c5 7. Bc4 Bg7 8. Ne2 O-O 9. Be3 Qc7 10. Rc1 Nc6 11. h4 Na5 12. Bd3 b6 13. h5 e6 14. hxg6 hxg6 15. Qd2 f5 16. exf5 exf5 17. Bh6 Re8 18. Qg5 Qf7 19. Bxg7 Qxg7 20. Kf1 Be6 21. Nf4 Bf7 22. Rh6 c4 23. Bc2 Nb3 24. axb3 cxb3 25. Bb1 b2 26. Rd1 Re7 27. Nxg6 Bxg6 28. Rxg6 Rae8 29. Rxg7+ Rxg7 30. Qxf5 a5 31. Re1 1-0


[Site "https://www.chess.com"]

[Event "Titled Tuesday Blitz October 25 Late 2022"]
[White "Mendez Fortes, Eduardo Jesus"]
[Black "Machidon, Cristi"]
[WhiteFideId "3502376"]
[BlackFideId "13904590"]
[WhiteElo "2307"]
[BlackElo "2312"]
[Result "0-1"]
[Round "06"]
[TimeControl "180+1"]
[Date "2022.10.26"]
[WhiteClock "0:00:01"]
[BlackClock "0:00:03"]

1. e4 c6 2. d4 d5 3. Nc3 dxe4 4. Nxe4 Nf6 5. Nxf6+ exf6 6. c3 Bd6 7. Bd3 O-O 8. Ne2 Re8 9. Qc2 h5 10. O-O h4 11. h3 Nd7 12. Be3 Nf8 13. Rae1 Bc7 14. c4 Ne6 15. Qd2 Qd6 16. f4 a5 17. c5 Qd8 18. Bc4 f5 19. Nc3 b5 20. Be2 b4 21. Na4 Ba6 22. Bxa6 Rxa6 23. Qd3 Ra8 24. Qxf5 Nxd4 25. Qg4 Qf6 26. Kh1 Nf5 27. Bf2 g6 28. Nb6 Rad8 29. Qf3 Qxb2 30. Qxc6 Rxe1 31. Bxe1 Qe2 32. Rg1 Bxf4 33. Nd5 Bg3 34. Nf6+ Kg7 35. Qe4 Qxe4 36. Nxe4 Bxe1 37. Rxe1 Re8 38. c6 Rc8 39. Rc1 Ne7 40. c7 Nd5 41. Rc5 Nxc7 42. Nf2 a4 43. Rc4 b3 44. axb3 a3 45. Ra4 Nb5 46. Nd3 Rc3 47. Nb4 Rxb3 48. Nd5 Rb2 49. Nb4 Rb3 50. Nd5 f5 51. Ra6 Kh6 52. Nf4 Rb2 53. Nxg6 Kh7 54. Nf8+ Kg8 55. Ne6 a2 56. Kh2 Nc3 57. Ra8+ Kf7 58. Ng5+ Kf6 59. Nf3 Rb1 60. Ra6+ Ke7 61. Nxh4 a1=Q 62. Nxf5+ Kf7 63. Rxa1 Rxa1 64. Kg3 Nd5 65. Kg4 Nf6+ 66. Kg5 Ra5 67. g4 Ne4+ 68. Kf4 Ra4 69. h4 Ke6 0-1


[Site "https://www.chess.com"]

[Event "Titled Tuesday Blitz October 25 Late 2022"]
[White "Milikow, Yoav"]
[Black "Maksimovic, Bojan"]
[WhiteFideId "2822237"]
[BlackFideId "14408120"]
[WhiteElo "2341"]
[BlackElo "2447"]
[Result "1-0"]
[Round "06"]
[TimeControl "180+1"]
[Date "2022.10.26"]
[WhiteClock "0:00:54"]
[BlackClock "0:00:04"]

1. d4 Nf6 2. c4 g6 3. Nc3 Bg7 4. e4 d6 5. Be2 Nbd7 6. Be3 e5 7. d5 Nc5 8. Qc2 a5 9. Nf3 Ng4 10. Bg5 f6 11. Bd2 O-O 12. h3 Nh6 13. h4 Nf7 14. h5 f5 15. hxg6 hxg6 16. Nh4 Qf6 17. exf5 gxf5 18. g4 e4 19. O-O-O Ne5 20. Kb1 fxg4 21. Be3 Ned3 22. Rd2 Nxb2 23. Bd4 Qxd4 24. Rxd4 Bxd4 25. Kxb2 Rxf2 26. Kb1 Bd7 27. Qd2 Bxc3 28. Qxc3 Rxe2 29. Ng6 Kf7 30. Rf1+ Kxg6 31. Qf6+ Kh7 32. Rh1+ Rh2 33. Rxh2+ 1-0


[Site "https://www.chess.com"]

[Event "Titled Tuesday Blitz October 25 Late 2022"]
[White "Miszler, Levente"]
[Black "Luxama, Jacques Muller"]
[WhiteFideId "763276"]
[BlackFideId "11900113"]
[WhiteElo "2176"]
[BlackElo "1931"]
[Result "1-0"]
[Round "06"]
[TimeControl "180+1"]
[Date "2022.10.26"]
[WhiteClock "0:00:07"]
[BlackClock "0:00:05"]

1. c4 Nf6 2. Nc3 e6 3. d4 Bb4 4. e3 O-O 5. Nf3 c5 6. a3 Bxc3+ 7. bxc3 d5 8. Be2 Qa5 9. Bd2 Ne4 10. Qc2 Nxd2 11. Qxd2 dxc4 12. Bxc4 Rd8 13. O-O Qc7 14. Be2 b6 15. Rab1 Bb7 16. Qb2 Nd7 17. Rfd1 Rac8 18. a4 Be4 19. Ra1 Nf6 20. a5 Nd5 21. axb6 axb6 22. Ne5 cxd4 23. cxd4 Nc3 24. Re1 f6 25. Nd3 Nxe2+ 26. Qxe2 Qb7 27. f3 Bd5 28. Qb2 Bc4 29. Red1 b5 30. Rab1 Qa7 31. Nc5 e5 32. Ra1 Qb6 33. Ra6 Qb8 34. Raa1 exd4 35. exd4 Qf4 36. Qf2 Rd5 37. Rac1 Rd6 38. Ne4 Rd5 39. g3 Qc7 40. Nc3 Rd6 41. Nxb5 Qb6 42. Nxd6 Qxd6 43. Qe3 Qd5 44. Qe4 Qb5 45. d5 1-0


[Site "https://www.chess.com"]

[Event "Titled Tuesday Blitz October 25 Late 2022"]
[White "Naroditsky, Daniel"]
[Black "Ibarra Jerez, Jose Carlos"]
[WhiteFideId "2026961"]
[BlackFideId "2226332"]
[WhiteElo "2628"]
[BlackElo "2627"]
[Result "1-0"]
[Round "06"]
[TimeControl "180+1"]
[Date "2022.10.26"]
[WhiteClock "0:00:48"]
[BlackClock "0:00:34"]

1. e4 Nc6 2. Nf3 d6 3. d4 Nf6 4. Nc3 g6 5. Be3 Bg7 6. d5 Nb8 7. Qd2 c6 8. O-O-O cxd5 9. exd5 Nbd7 10. Bh6 Bxh6 11. Qxh6 Nc5 12. Bb5+ Bd7 13. Rhe1 Bxb5 14. Nxb5 Qd7 15. Nfd4 O-O-O 16. Nc6 bxc6 17. dxc6 Qf5 18. Rxe7 Nb3+ 19. axb3 Qxb5 20. Rxf7 Ne4 21. Qh3+ Kb8 22. c7+ Ka8 23. cxd8=Q+ Rxd8 24. Qe3 Nc5 25. Qf3+ d5 26. Rf8 Rxf8 27. Qxf8+ Kb7 28. Qf7+ Kb6 29. Qxd5 Qa5 30. Qd8+ 1-0


[Site "https://www.chess.com"]

[Event "Titled Tuesday Blitz October 25 Late 2022"]
[White "Nouri, Alekhine"]
[Black "Roque Sola, Gisela"]
[WhiteFideId "5216184"]
[BlackFideId "5120241"]
[WhiteElo "2151"]
[BlackElo "1961"]
[Result "1-0"]
[Round "06"]
[TimeControl "180+1"]
[Date "2022.10.26"]
[WhiteClock "0:02:52"]
[BlackClock "0:02:20"]

1. e4 e6 2. d4 d5 3. Bd3 dxe4 4. Bxe4 Nf6 5. Bf3 c5 6. Ne2 Nc6 7. Be3 cxd4 8. Nxd4 Ne5 9. Nc3 a6 10. Qe2 Nxf3+ 11. Qxf3 Be7 12. O-O-O O-O 13. Nf5 Qe8 14. Nxe7+ Qxe7 15. Bg5 Ra7 16. Ne4 1-0


[Site "https://www.chess.com"]

[Event "Titled Tuesday Blitz October 25 Late 2022"]
[White "Nozdrachev, Leonid"]
[Black "Yanayt, Eugene"]
[WhiteFideId "24113433"]
[BlackFideId "2020165"]
[WhiteElo "2249"]
[BlackElo "2046"]
[Result "1-0"]
[Round "06"]
[TimeControl "180+1"]
[Date "2022.10.26"]
[WhiteClock "0:00:18"]
[BlackClock "0:00:16"]

1. a4 e5 2. g3 d5 3. d3 h5 4. h3 h4 5. g4 Be7 6. Bg2 Be6 7. a5 c6 8. Nd2 Bb4 9. Nf3 f6 10. O-O Bxa5 11. c4 Ne7 12. cxd5 Nxd5 13. Nc4 Bc7 14. Nfd2 Nf4 15. Ne4 Bxc4 16. Bxf4 Bxd3 17. Nc5 Ba6 18. Qc2 Qe7 19. Rxa6 bxa6 20. Be3 O-O 21. Qb3+ Qf7 22. Qb7 Nd7 23. Qxc7 Nxc5 24. Qxf7+ Rxf7 25. Bxc5 Rb8 26. b4 a5 27. bxa5 Rb5 28. Be3 Rxa5 29. Bxc6 Rc7 30. Be4 Kf8 31. Rb1 Ra2 32. Kf1 a5 33. Rb8+ Ke7 34. Rg8 Kd6 35. Rd8+ Rd7 36. Ra8 a4 37. Ra6+ Ke7 38. Bc5+ Kf7 39. Bf5 Rd1+ 40. Kg2 Rad2 41. Rxa4 Rxe2 42. Ra8 Red2 43. Rf8# 1-0


[Site "https://www.chess.com"]

[Event "Titled Tuesday Blitz October 25 Late 2022"]
[White "Osiecki, Stanislaw"]
[Black "Wiegmann, Sascha"]
[WhiteFideId "1102990"]
[BlackFideId "4682041"]
[WhiteElo "2088"]
[BlackElo "2289"]
[Result "0-1"]
[Round "06"]
[TimeControl "180+1"]
[Date "2022.10.26"]
[WhiteClock "0:00:25"]
[BlackClock "0:00:59"]

1. e4 c5 2. c3 d5 3. e5 Nc6 4. d4 Bf5 5. Bd3 Bxd3 6. Qxd3 e6 7. Ne2 Nge7 8. O-O Rc8 9. a3 Nf5 10. Rd1 Be7 11. f4 cxd4 12. cxd4 Ncxd4 13. Nxd4 Nxd4 14. Kh1 Nf5 15. Nc3 O-O 16. Qh3 d4 17. Ne2 Qd5 18. Bd2 Rfd8 19. Kg1 Rc2 20. b4 d3 21. Ng3 Nxg3 22. Qxg3 Rxd2 23. Rxd2 Qd4+ 0-1


[Site "https://www.chess.com"]

[Event "Titled Tuesday Blitz October 25 Late 2022"]
[White "Osmak, Yuliia"]
[Black "Prydun, Andriy"]
[WhiteFideId "14101602"]
[BlackFideId "14145898"]
[WhiteElo "2328"]
[BlackElo "2163"]
[Result "0-1"]
[Round "06"]
[TimeControl "180+1"]
[Date "2022.10.26"]
[WhiteClock "0:00:02"]
[BlackClock "0:00:05"]

1. d4 Nf6 2. c4 c5 3. d5 e5 4. Nc3 d6 5. e4 Nbd7 6. Nf3 Be7 7. Be2 Nf8 8. O-O Ng6 9. Ne1 a6 10. a3 O-O 11. b4 Nd7 12. Rb1 Bg5 13. Nd3 h6 14. bxc5 dxc5 15. g3 Rb8 16. f4 exf4 17. gxf4 Be7 18. e5 b5 19. d6 Bh4 20. Nd5 bxc4 21. Rxb8 cxd3 22. Rxc8 Qxc8 23. Qxd3 Qb7 24. Bf3 Qb5 25. Be4 c4 26. Qh3 Bd8 27. e6 Nf6 28. e7 Nxe4 29. exf8=Q+ Nxf8 30. Qf5 Nxd6 31. Qe5 Nb7 32. Bb2 f6 33. Qd4 Qc5 34. Qxc5 Nxc5 35. Bd4 Nd3 36. f5 Nd7 37. Ne3 N7e5 38. Bxe5 Nxe5 39. Rc1 Bb6 40. Kf2 Nd3+ 41. Kf3 Nxc1 42. Nxc4 Bc5 43. a4 Nb3 44. Ke4 Kh7 45. Kd5 Bg1 46. h3 Nc5 47. Kc6 Nxa4 48. Kb7 Nc3 49. Kxa6 Ne2 50. Kb5 Nd4+ 0-1


[Site "https://www.chess.com"]

[Event "Titled Tuesday Blitz October 25 Late 2022"]
[White "Pakleza, Zbigniew"]
[Black "Muhammad, Shahzeb"]
[WhiteFideId "1119290"]
[BlackFideId "7804806"]
[WhiteElo "2411"]
[BlackElo "2405"]
[Result "0-1"]
[Round "06"]
[TimeControl "180+1"]
[Date "2022.10.26"]
[WhiteClock "0:00:01"]
[BlackClock "0:00:34"]

1. d4 Nf6 2. Nf3 e6 3. Bf4 d5 4. e3 Bd6 5. Bg3 O-O 6. Nbd2 c5 7. c3 b6 8. Ne5 Bb7 9. f4 Ne4 10. Nxe4 dxe4 11. Nc4 cxd4 12. Qxd4 Bc5 13. Qxd8 Rxd8 14. a4 Ba6 15. Bf2 Nc6 16. Be2 Rd7 17. b4 Bxc4 18. Bxc4 Be7 19. Ke2 Bf6 20. Rhc1 Rc8 21. Ba6 Rcc7 22. Rab1 Nb8 23. Bb5 Rd8 24. a5 bxa5 25. bxa5 a6 26. Ba4 Nc6 27. Bxc6 Rxc6 28. c4 Rc5 29. Be1 Rdc8 30. Rb6 g6 31. Rxa6 Rxc4 32. Rxc4 Rxc4 33. Rb6 Rc2+ 34. Kd1 Rxg2 35. Rb4 Rg1 36. Rc4 Bh4 37. Ra4 Rxe1+ 38. Kc2 Be7 39. a6 Bc5 40. Rc4 Bb6 41. Rc6 Bxe3 0-1


[Site "https://www.chess.com"]

[Event "Titled Tuesday Blitz October 25 Late 2022"]
[White "Papp, Levente"]
[Black "Moreno Perez, Tobias Sebastian"]
[WhiteFideId "751243"]
[BlackFideId "186716"]
[WhiteElo "2380"]
[BlackElo "2481"]
[Result "0-1"]
[Round "06"]
[TimeControl "180+1"]
[Date "2022.10.26"]
[WhiteClock "0:00:01"]
[BlackClock "0:00:41"]

1. Nc3 d5 2. d4 Nf6 3. Bf4 c5 4. e3 cxd4 5. exd4 Bg4 6. f3 Bd7 7. Qd2 Nc6 8. h4 e6 9. h5 h6 10. Nge2 Rc8 11. a3 Na5 12. b3 Qb6 13. g4 Bd6 14. Bxd6 Qxd6 15. Kf2 a6 16. Nd1 Nc6 17. Ne3 O-O 18. Re1 Qxa3 19. g5 hxg5 20. h6 g6 21. h7+ Kh8 22. Ng2 g4 23. Qg5 Qe7 24. Ke3 gxf3 25. Ngf4 e5 26. Kf2 Ne4+ 0-1


[Site "https://www.chess.com"]

[Event "Titled Tuesday Blitz October 25 Late 2022"]
[White "Papp, Petra"]
[Black "Fajdetic, Hrvoje"]
[WhiteFideId "739049"]
[BlackFideId "14501945"]
[WhiteElo "2259"]
[BlackElo "2172"]
[Result "1-0"]
[Round "06"]
[TimeControl "180+1"]
[Date "2022.10.26"]
[WhiteClock "0:00:28"]
[BlackClock "0:00:06"]

1. d4 d6 2. e4 Nd7 3. Nc3 e5 4. Nf3 c6 5. a4 Be7 6. Bc4 Ngf6 7. O-O Qc7 8. Ba2 Nf8 9. Re1 Bg4 10. Be3 Ng6 11. h3 Bxf3 12. Qxf3 O-O 13. Rad1 Rfe8 14. g3 a6 15. h4 Nf8 16. g4 Ne6 17. g5 Nd7 18. d5 cxd5 19. Bxd5 Ndf8 20. Qg4 Rad8 21. h5 Qc8 22. Bb6 Nxg5 23. Qg3 Rd7 24. h6 Ng6 25. hxg7 Kxg7 26. Be3 h6 27. Bb3 Rc7 28. Bd2 Rxc3 29. Bxc3 h5 30. Bd2 h4 31. Qg2 Nf4 32. Bxf4 exf4 33. Rd5 f3 34. Rxg5+ Bxg5 35. Qxg5+ Kf8 36. Qxh4 Qe6 37. Bxe6 Rxe6 38. Kf1 Rg6 39. Qf4 Rh6 40. Qxh6+ 1-0


[Site "https://www.chess.com"]

[Event "Titled Tuesday Blitz October 25 Late 2022"]
[White "Paravyan, David"]
[Black "Banusz, Tamas"]
[WhiteFideId "4194985"]
[BlackFideId "722413"]
[WhiteElo "2555"]
[BlackElo "2602"]
[Result "1-0"]
[Round "06"]
[TimeControl "180+1"]
[Date "2022.10.26"]
[WhiteClock "0:00:04"]
[BlackClock "0:00:01"]

1. e4 c5 2. Nf3 Nc6 3. Nc3 e5 4. Bc4 d6 5. d3 Be7 6. a4 Nf6 7. Bg5 O-O 8. Bxf6 Bxf6 9. Nd5 Be6 10. h4 Re8 11. c3 Be7 12. Ne3 h6 13. g4 Bf8 14. g5 h5 15. g6 Bxc4 16. Nxc4 fxg6 17. Qb3 d5 18. Ne3 c4 19. dxc4 Na5 20. Qa2 dxc4 21. Nxc4 Nxc4 22. Qxc4+ Kh8 23. Ng5 Qf6 24. O-O-O Rac8 25. Qb3 Bc5 26. Rh3 Qxf2 27. Kb1 Be3 28. Nf7+ Kh7 29. Nd6 Bf4 30. Nxe8 Rxe8 31. Qf7 Qe2 32. Qxe8 Qxd1+ 33. Ka2 Qf1 34. Qe6 Qe2 35. Qd5 Qf1 36. Rd3 Qh1 37. Qxb7 Qxh4 38. Qxa7 Qg4 39. Qd7 Qxd7 40. Rxd7 h4 41. a5 g5 42. Rd3 g4 43. a6 g3 44. a7 g2 45. Rd1 h3 46. a8=Q h2 47. Rd8 h1=Q 48. Rh8+ Kg6 49. Qe8+ Kg5 50. Qe7+ Kg4 51. Qxg7+ Kf3 52. Rg8 Qh3 53. Qa7 Be3 54. Qf7+ Bf4 55. Qc4 Be3 56. Rf8+ Kg3 57. Qe2 Kh2 58. Rf3 Qxf3 59. Qxf3 g1=Q 60. Qh5+ Kg2 61. Qxe5 Qd1 62. Qd5 Qe2 63. Kb3 Kg3 64. Qe5+ Bf4 65. Qf5 Qd1+ 66. Kc4 Qa4+ 67. b4 Qa2+ 68. Kb5 Be3 69. c4 Qa7 70. c5 Qb7+ 71. Kc4 Qa6+ 72. Kd5 Qd3+ 73. Ke6 Qa6+ 74. Kf7 Qb7+ 75. Kg6 Qxb4 76. c6 Qc4 77. Qd5 Qc3 78. Kf5 Qc1 79. Qg8+ Kf2 80. Qd5 Kg3 81. e5 Bf4 82. Qg8+ Kf3 83. Qg4+ 1-0


[Site "https://www.chess.com"]

[Event "Titled Tuesday Blitz October 25 Late 2022"]
[White "Pinheiro, Iung Alicio de O."]
[Black "Aguilar, Juan"]
[WhiteFideId "2104350"]
[BlackFideId "3800091"]
[WhiteElo "2283"]
[BlackElo "2431"]
[Result "1-0"]
[Round "06"]
[TimeControl "180+1"]
[Date "2022.10.26"]
[WhiteClock "0:00:15"]
[BlackClock "0:00:02"]

1. c4 e5 2. g3 c6 3. d4 exd4 4. Qxd4 d5 5. Nf3 Nf6 6. Bg2 Be6 7. Ng5 Bb4+ 8. Nd2 O-O 9. O-O Qb6 10. Qd3 Nbd7 11. b3 Ne5 12. Qc2 h6 13. Nxe6 fxe6 14. Bb2 d4 15. Ne4 Rad8 16. Nxf6+ Rxf6 17. Qe4 Nf7 18. e3 Bc3 19. Bxc3 dxc3 20. Rad1 Rxd1 21. Rxd1 Qa5 22. Qc2 e5 23. Rd3 b5 24. cxb5 cxb5 25. Rxc3 b4 26. Rc8+ Nd8 27. Qd3 Rf8 28. Qd5+ Qxd5 29. Bxd5+ Kh7 30. Rb8 a6 31. Ra8 g6 32. Rxa6 Kg7 33. Rb6 Nf7 34. h4 g5 35. h5 g4 36. Rg6+ Kh7 37. Rxg4 Ng5 38. f4 exf4 39. gxf4 1-0


[Site "https://www.chess.com"]

[Event "Titled Tuesday Blitz October 25 Late 2022"]
[White "Polster, Christian"]
[Black "Malka, Samuel"]
[WhiteFideId "12965081"]
[BlackFideId "20643675"]
[WhiteElo "2209"]
[BlackElo "2449"]
[Result "0-1"]
[Round "06"]
[TimeControl "180+1"]
[Date "2022.10.26"]
[WhiteClock "0:00:02"]
[BlackClock "0:01:41"]

1. Nf3 c5 2. c4 Nc6 3. g3 e5 4. Nc3 g6 5. Bg2 Bg7 6. O-O Nge7 7. Ne1 d6 8. Nc2 Be6 9. Ne3 Qd7 10. Rb1 O-O 11. a3 a5 12. Ned5 Rad8 13. d3 Bh3 14. b4 Bxg2 15. Kxg2 axb4 16. axb4 cxb4 17. Nxb4 Nxb4 18. Rxb4 d5 19. Qb3 dxc4 20. Rxc4 Nc6 21. Be3 Na5 22. Qb4 Nxc4 23. Qxc4 Rc8 24. Qb3 Qc6+ 25. Ne4 Kh8 26. Kg1 h6 27. Nc5 b6 28. Ne4 f5 29. Nd2 f4 0-1


[Site "https://www.chess.com"]

[Event "Titled Tuesday Blitz October 25 Late 2022"]
[White "Predke, Alexandr"]
[Black "Goltsev, Dmitry"]
[WhiteFideId "24107581"]
[BlackFideId "24176710"]
[WhiteElo "2614"]
[BlackElo "2257"]
[Result "1-0"]
[Round "06"]
[TimeControl "180+1"]
[Date "2022.10.26"]
[WhiteClock "0:00:19"]
[BlackClock "0:00:59"]

1. Nf3 d5 2. g3 c6 3. Bg2 Nf6 4. O-O g6 5. d3 Bg7 6. Nbd2 O-O 7. e4 dxe4 8. dxe4 Nbd7 9. a4 Qc7 10. a5 e5 11. Qe2 Nc5 12. b4 Ne6 13. c3 Rd8 14. Nc4 Ne8 15. Be3 f6 16. h4 Nf8 17. h5 Be6 18. h6 Bh8 19. Rfd1 g5 20. Bc5 Ng6 21. Rxd8 Qxd8 22. Rd1 Qc7 23. Nh2 a6 24. Bb6 Qe7 25. Bf3 f5 26. exf5 Bxf5 27. Bg4 Be6 28. Bxe6+ Qxe6 29. Qg4 Qxg4 30. Nxg4 Nf6 31. Nxf6+ Bxf6 32. Rd7 e4 33. Bd4 Bxd4 34. cxd4 Rb8 35. Rg7+ Kf8 36. Rxh7 Rd8 37. Rxb7 Rxd4 38. Ne3 Rd6 39. Rb8+ Kf7 40. h7 Rd4 41. Rg8 Rxb4 42. Rxg6 Rb8 43. Rxc6 Rh8 44. Rxa6 1-0


[Site "https://www.chess.com"]

[Event "Titled Tuesday Blitz October 25 Late 2022"]
[White "Przybylski, Wojciech"]
[Black "Jensen, Matthew R"]
[WhiteFideId "1117599"]
[BlackFideId "2018110"]
[WhiteElo "2221"]
[BlackElo "2305"]
[Result "1-0"]
[Round "06"]
[TimeControl "180+1"]
[Date "2022.10.26"]
[WhiteClock "0:01:00"]
[BlackClock "0:00:12"]

1. e4 c6 2. d4 d5 3. e5 c5 4. c4 cxd4 5. Nf3 e6 6. Nxd4 Nc6 7. cxd5 Qxd5 8. Nxc6 Qxd1+ 9. Kxd1 bxc6 10. Be3 Ne7 11. Nc3 Nd5 12. Nxd5 exd5 13. Rc1 Bd7 14. b3 Ba3 15. Rc2 Ke7 16. Ba6 Ke6 17. f4 Kf5 18. Bd3+ Ke6 19. Re1 Ke7 20. f5 a5 21. Bc5+ Bxc5 22. Rxc5 f6 23. e6 Be8 24. a4 Kd6 25. Rc3 Ra7 26. Kd2 g6 27. g4 gxf5 28. gxf5 Rg8 29. Re2 Rg1 30. Bc2 Bh5 31. Rf2 d4 32. Rh3 Be8 33. Rg3 Rxg3 34. hxg3 Rg7 35. Rh2 Rxg3 36. Rxh7 Rf3 37. Rh8 Ke7 38. Rh7+ Kd6 39. Ra7 c5 40. Ra6+ Bc6 41. Rxc6+ Kxc6 42. Be4+ Kd6 43. Bxf3 Ke7 44. Kd3 1-0


[Site "https://www.chess.com"]

[Event "Titled Tuesday Blitz October 25 Late 2022"]
[White "Putnam, Liam"]
[Black "Buscar, Michael"]
[WhiteFideId "30938279"]
[BlackFideId "2603616"]
[WhiteElo "2082"]
[BlackElo "2010"]
[Result "1-0"]
[Round "06"]
[TimeControl "180+1"]
[Date "2022.10.26"]
[WhiteClock "0:00:12"]
[BlackClock "0:00:13"]

1. b4 a5 2. bxa5 c5 3. Nc3 Qxa5 4. e4 Nc6 5. Nf3 d6 6. Bb5 Bd7 7. O-O g6 8. Rb1 Bg7 9. Bb2 Nf6 10. Nd5 O-O 11. Nxf6+ Bxf6 12. Bxf6 exf6 13. a4 Be6 14. d4 Bg4 15. dxc5 dxc5 16. h3 Be6 17. Qd6 Qc3 18. Qc7 Qxc2 19. Qxb7 Nd4 20. Nxd4 cxd4 21. Rfc1 Qa2 22. Ra1 Qb2 23. Rab1 Qa2 24. Qb6 Rfd8 25. Ra1 Qb3 26. Rab1 Qa2 27. Rd1 Rab8 28. Qa7 Ra8 29. Qc5 Rac8 30. Qb4 Rc2 31. Ra1 Qb2 32. Qxb2 Rxb2 33. Bd3 Ra8 34. a5 Bb3 35. Rdb1 Rxb1+ 36. Rxb1 Be6 37. a6 f5 38. Ra1 Ra7 39. exf5 Bxf5 40. Bxf5 gxf5 41. Kf1 Kg7 42. Ke2 Kf6 43. Kd3 Ke5 44. Ra5+ Kf4 45. Kxd4 f6 46. Kc5 Rc7+ 47. Kb6 Rc2 48. a7 Rxf2 49. a8=Q Rb2+ 50. Rb5 Rf2 51. Qa4+ Kg3 52. Rb3+ Kxg2 53. Qc6+ Kh2 54. Qd6+ f4 55. Qxf6 h5 56. Qh4 Rg2 57. Qxf4+ Kh1 58. Rb1+ Rg1 59. Qf3+ Kh2 60. Rb2+ Rg2 61. Qxg2# 1-0


[Site "https://www.chess.com"]

[Event "Titled Tuesday Blitz October 25 Late 2022"]
[White "Radovic, Luka"]
[Black "Sokolovsky, Yahli"]
[WhiteFideId "911569"]
[BlackFideId "2820242"]
[WhiteElo "2257"]
[BlackElo "2316"]
[Result "0-1"]
[Round "06"]
[TimeControl "180+1"]
[Date "2022.10.26"]
[WhiteClock "0:00:23"]
[BlackClock "0:00:04"]

1. Nf3 g6 2. c4 Bg7 3. g3 e5 4. Nc3 d6 5. Bg2 f5 6. d3 Nf6 7. O-O O-O 8. b4 c6 9. a4 Kh8 10. Bb2 Be6 11. b5 Qc7 12. Nd2 d5 13. cxd5 cxd5 14. Rc1 Qf7 15. Ba3 Rd8 16. Nb3 d4 17. Nb1 Bxb3 18. Qd2 Bd5 19. e4 dxe3 20. fxe3 Nbd7 21. Rc7 Bxg2 22. Qxg2 Qd5 23. Qxd5 Nxd5 24. Rxb7 Nxe3 25. Rc1 Nd5 26. Nc3 Bh6 27. Nxd5 Bxc1 28. Be7 Nc5 29. Bf6+ Kg8 30. Rg7+ Kf8 31. Ne7 Rd7 32. Rxh7 Re8 33. Nxg6+ Kg8 34. Rh8+ Kf7 35. Nxe5+ Rxe5 36. Bxe5 Nxa4 37. d4 Ke6 38. h4 Be3+ 39. Kg2 Bxd4 40. Re8+ Kf7 0-1


[Site "https://www.chess.com"]

[Event "Titled Tuesday Blitz October 25 Late 2022"]
[White "Rios Escobar, Adan"]
[Black "Ozsakallioglu, Okan"]
[WhiteFideId "3403645"]
[BlackFideId "6367011"]
[WhiteElo "2358"]
[BlackElo "2078"]
[Result "1-0"]
[Round "06"]
[TimeControl "180+1"]
[Date "2022.10.26"]
[WhiteClock "0:00:18"]
[BlackClock "0:01:18"]

1. d4 Nf6 2. g3 g6 3. Bg2 d5 4. c4 c6 5. Nf3 Bg7 6. O-O O-O 7. a4 dxc4 8. Na3 Be6 9. Ng5 Bd5 10. e4 h6 11. exd5 hxg5 12. dxc6 Nxc6 13. d5 Nb4 14. Nxc4 Nbxd5 15. Bxg5 Rc8 16. Qe2 Qc7 17. Rac1 e6 18. Rfd1 Rfe8 19. h4 Qd7 20. b3 Qc6 21. Ne5 Qb6 22. Qf3 Rxc1 23. Rxc1 Qd4 24. Nc4 b6 25. Rd1 Qc5 26. Ne5 Qc7 27. Re1 Nh7 28. Ng4 Nxg5 29. hxg5 Qc3 30. Qxc3 Bxc3 31. Rc1 Rc8 32. Bxd5 exd5 33. Nf6+ 1-0


[Site "https://www.chess.com"]

[Event "Titled Tuesday Blitz October 25 Late 2022"]
[White "Roberts, Paul"]
[Black "Vargas, Mauricio"]
[WhiteFideId "2400600"]
[BlackFideId "4404572"]
[WhiteElo "2112"]
[BlackElo "2025"]
[Result "1-0"]
[Round "06"]
[TimeControl "180+1"]
[Date "2022.10.26"]
[WhiteClock "0:01:15"]
[BlackClock "0:00:35"]

1. e3 d5 2. c4 c6 3. Nf3 Nd7 4. Nc3 dxc4 5. Bxc4 b5 6. Bxf7+ Kxf7 7. Ng5+ Ke8 8. Qb3 Ndf6 9. Qf7+ Kd7 10. Ne6 Qe8 11. Nxf8+ Kc7 12. Ne6+ Kb7 13. Nc5+ Kb8 14. Qxe8 Nxe8 15. d4 Nd6 16. e4 Nc4 17. Bf4+ Nd6 18. O-O Nf6 19. Bg3 Nh5 20. e5 Nxg3 21. fxg3 Nb7 22. Na6# 1-0


[Site "https://www.chess.com"]